 Dungeon Crawl Stone Soup version 0.27.1-34-g3ba077fa99 (webtiles) character file.

Game seed: 13944158793470363640

5508 chibimon the Transmogrifier (level 10, -4/72 (88) HPs)
             Began as a Yellow Draconian Transmuter on Jan 7, 2022.
             Was an Initiate of Gozag.
             Slain by a wight (15 damage)
             ... on level 8 of the Dungeon on Jan 8, 2022.
             The game lasted 00:42:41 (10737 turns).

chibimon the Transmogrifier (DrTm)                 Turns: 10737, Time: 00:42:42

HP:   -4/72 (88)    AC:  7    Str: 14    XL:     10   Next: 43%
MP:   19/19         EV: 13    Int: 16    God:    Gozag
Gold: 1290          SH:  5    Dex: 11    Spells: 11/21 levels left

rFire    . . .     SeeInvis .   o - +5 falchion (protect)
rCold    + . .     Faith    .   (no shield)
rNeg     . . .     Spirit   .   (armour unavailable)
rPois    .         Reflect  +   (helmet currently unavailable)
rElec    .         Harm     .   (no cloak)
rCorr    +         Rampage  .   (no gloves)
Will     +....                  (boots currently unavailable)
Stlth    +.........             e - amulet of reflection
HPRegen  0.22/turn              s - ring of protection from cold
MPRegen  0.16/turn              w - ring of willpower

@: about to teleport, appendages, heavily drained
A: horns 2, talons 2, spit acid, AC +7, unfitting armour, cold-blooded, acid
resistance
a: Breathe Acid, End Transformation, Renounce Religion, Potion Petition, Call
Merchant, Bribe Branch


You were on level 8 of the Dungeon.
You worshipped Gozag.
Gozag was most pleased with you.
You had temporarily grown beastly horns and talons.
You visited 1 branch of the dungeon, and saw 10 of its levels.

You collected 1546 gold pieces.
You spent 256 gold pieces at shops.

Inventory:

Hand Weapons
 l - a +2 vampiric dagger
 o - a +5 falchion of protection (weapon)
Missiles
 p - 6 throwing nets
Jewellery
 e - an amulet of reflection (around neck)
 s - a ring of protection from cold (left hand)
 w - a ring of willpower (right hand)
Wands
 g - a wand of mindburst (23)
 k - a wand of flame (18)
Scrolls
 f - 2 scrolls of brand weapon
 i - 3 scrolls of identify
 j - 2 scrolls of amnesia
 m - a scroll of teleportation
 r - a scroll of holy word {unknown}
 t - a scroll of enchant weapon
 u - a scroll of fear {unknown}
 v - a scroll of summoning
Potions
 a - 4 potions of flight
 b - 2 potions of attraction {unknown}
 d - a potion of brilliance
 n - a potion of mutation {unknown}
 q - a potion of magic {unknown}
 x - a potion of lignification


   Skills:
 * Level 8.2 Fighting
 + Level 1.6 Long Blades
 + Level 5.3 Dodging
 - Level 0.6 Shields
 - Level 4.3 Unarmed Combat
 + Level 6.0 Spellcasting
 - Level 1.6 Translocations
 * Level 8.2 Transmutations
 + Level 5.9 Evocations


You had 11 spell levels left.
You knew the following spells:

 Your Spells              Type           Power      Damage    Failure   Level
a - Beastly Appendage     Tmut           62%        N/A       1%          1
b - Spider Form           Tmut/Pois      9%         N/A       8%          3
c - Wereblood             Tmut           31%        N/A       1%          2
d - Ice Form              Ice/Tmut       18%        N/A       26%         4

Your spell library contained the following spells:

 Spells                   Type           Power      Damage    Failure   Level


Dungeon Overview and Level Annotations

Branches:
Dungeon (10/15)            Temple (0/1) D:7
   Lair: D:8-11         Orc: D:9-12

Altars:
Dithmenos
Gozag
Kikubaaqudgha
Makhleb
Nemelex Xobeh
Uskayaw
Vehumet
The Shining One

Shops:
D:6 (

Portals:
Abyss: D:6

Annotations:
D:6 2 transporters, unlimited1921's ghost, novice TrFi
D:8 1 runed translucent door, ddubois's ghost, novice SpDe


Innate Abilities, Weirdness & Mutations

You have temporarily grown beastly horns and talons.
You can spit globs of acid.
Your golden yellow scales are hard. (AC +7)
You cannot fit into any form of body armour.
You are cold-blooded and may be slowed by cold attacks.
You are resistant to acid. (rCorr)


Message History

* * * LOW HITPOINT WARNING * * *
You feel drained.
* * * LOW HITPOINT WARNING * * *
You block the gnoll shaman's attack.
Okay, then.
As you read the scroll labelled IMUINL LU VOTZ, it crumbles to dust.
It is a scroll of brand weapon.
Your +2 dagger of electrocution thirsts for the lives of mortals!
l - a +2 vampiric dagger The gnoll shaman misses you.
The wight hits you with a +4 battleaxe.
* * * LOW HITPOINT WARNING * * *
You feel drained.
You feel much better.
The gnoll shaman hits you but does no damage.
The wight hits you with a +4 battleaxe!
You feel drained.
As you read the scroll labelled DOEMAI FEJEO, it crumbles to dust.
It is a scroll of enchant weapon.
Your +4 falchion of protection glows red for a moment.
The wight hits you with a +4 battleaxe!
You feel drained.
As you read the scroll of teleportation, it crumbles to dust.
You feel strangely unstable.
The gnoll shaman hits you with a +0 whip.
The wight hits you with a +4 battleaxe!
* * * LOW HITPOINT WARNING * * *
You feel drained.
* * * LOW HITPOINT WARNING * * *
Okay, then.
Okay, then.
You feel better. The gnoll closely misses you.
The gnoll shaman hits you with a +0 whip.
* * * LOW HITPOINT WARNING * * *
The wight barely misses you.
Okay, then.
This is a scroll of acquirement!
You see here Udimisu's Catalogue of Battle Magic.
Something appears at your feet! The gnoll completely misses you.
The gnoll shaman calls upon its god to speed up the gnoll.
The gnoll seems to speed up.
The wight hits you with a +4 battleaxe!
You die...
Your body crumbles into a pile of gold.

.. ._.....<....#... ...
...#.##....##... ...#
##.## #..#.##... .....
... #..#......
..(#.####.# #..#......
..........#####..#......
.....#.#.......#.#####..
$
......z$.......#.##....#
##...##@###......##....#
... #.g...............#
. #...g......###.....
#.................#
#..................
#............(.....
...................
#..................
#................


You could see a gnoll shaman, a wight and a gnoll (fast).

Vanquished Creatures
  A two-headed ogre (D:6)
  Pikel (D:6)
  A komodo dragon (D:9)
  4 yaks (D:9)
  2 water moccasins
  Duvessa (D:4)
  3 ice beasts
  A black bear (D:4)
  An orc warrior (D:9)
  2 sky beasts
  2 ogres
  A phantom (D:5)
  3 lemures (D:6)
  A kobold brigand (D:3)
  2 bullfrogs
  3 gnoll sergeants (D:6)
  A scorpion (D:5)
  Dowan (D:4)
  10 killer bees
  2 wights (D:8)
  3 howler monkeys
  3 electric eels (D:6)
  A centaur zombie (D:9)
  8 hounds
  A bullfrog zombie (D:6)
  A gnoll shaman (D:6)
  4 jellies
  An orc priest (D:3)
  A centaur skeleton (D:5)
  2 iguanas
  5 orc wizards
  A hound zombie (D:5)
  A howler monkey zombie (D:9)
  23 gnolls
  6 adders
  A shadow imp (D:7)
  A white imp (D:6)
  2 worms (D:2)
  3 dart slugs
  11 orcs
  9 ball pythons
  11 bats
  9 endoplasms
  2 giant cockroaches
  10 goblins
  8 hobgoblins
  4 jackals (D:6)
  4 quokkas
  5 frilled lizards
  14 kobolds
  3 rats
201 creatures vanquished.

Vanquished Creatures (collateral kills)
  A howler monkey (D:5)
1 creature vanquished.

Vanquished Creatures (others)
  2 gnolls (D:6)
  2 jackals (D:6)
  6 fungi (D:5)
10 creatures vanquished.

Grand Total: 212 creatures vanquished

Notes
Turn   | Place    | Note
-------+----------+-------------------------------------------
     0 | D:1      | chibimon the Draconian Transmuter began the quest for the
                  | Orb.
     0 | D:1      | Reached XP level 1. HP: 16/16 MP: 3/3
   160 | D:1      | Reached XP level 2. HP: 23/23 MP: 3/5
   671 | D:1      | Reached skill level 1 in Evocations
   699 | D:1      | Reached skill level 1 in Translocations
   699 | D:1      | Reached XP level 3. HP: 20/29 MP: 6/6
  1108 | D:1      | Found a faded altar of an unknown god.
  1163 | D:1      | Became a worshipper of Gozag Ym Sagoz the Greedy
  1438 | D:2      | Learned a level 3 spell: Spider Form
  1441 | D:2      | Learned a level 2 spell: Wereblood
  1626 | D:2      | Reached XP level 4. HP: 32/36 MP: 7/7
  2463 | D:3      | Reached XP level 5. HP: 44/44 MP: 6/9
  2872 | D:3      | Reached XP level 6. HP: 43/51 MP: 9/11
  2951 | D:3      | Learned a level 4 spell: Ice Form
  3382 | D:4      | Found a hide-covered altar of Uskayaw.
  3590 | D:4      | Noticed Duvessa
  3590 | D:4      | Noticed Dowan
  3628 | D:4      | Killed Duvessa
  3632 | D:4      | Killed Dowan
  4124 | D:4      | Your scales start taking on a golden yellow colour.
  4124 | D:4      | Reached XP level 7. HP: 58/58 MP: 4/12
  4124 | D:4      | Gained mutation: You are resistant to acid. (rCorr) [Yellow
                  | Draconian growth]
  4719 | D:4      | Found a glowing golden altar of the Shining One.
  5037 | D:5      | Entered Level 5 of the Dungeon
  5190 | D:5      | Reached XP level 8. HP: 41/67 MP: 12/14
  5935 | D:5      | Reached skill level 5 in Transmutations
  6388 | D:5      | Reached skill level 5 in Fighting
  6735 | D:6      | Found a shadowy altar of Dithmenos.
  6877 | D:6      | Found a radiant altar of Vehumet.
  7140 | D:6      | Noticed a two-headed ogre
  7153 | D:6      | Killed a two-headed ogre
  7154 | D:6      | Reached skill level 5 in Spellcasting
  7154 | D:6      | Reached XP level 9. HP: 54/75 MP: 10/16
  7543 | D:6      | Noticed a rakshasa
  7557 | D:6      | Found a transporter.
  7576 | D:6      | Found a transporter.
  7578 | D:6      | Noticed Pikel
  7597 | D:6      | Found Ycexzum's Weapon Emporium.
  7630 | D:6      | Killed Pikel
  7631 | D:6      | Reached skill level 5 in Evocations
  7664 | D:6      | Bought a +4 falchion of protection for 256 gold pieces
  7717 | D:6      | Found an opulent altar of Gozag.
  8625 | D:6      | Found a sparkling altar of Nemelex Xobeh.
  8739 | D:6      | Found a one-way gate to the infinite horrors of the Abyss.
  8786 | D:6      | Noticed unlimited1921's ghost (novice TrFi)
  8813 | D:7      | Reached skill level 5 in Dodging
  8880 | D:7      | Found an ancient bone altar of Kikubaaqudgha.
  9004 | D:7      | Reached XP level 10. HP: 86/86 MP: 18/18
  9197 | D:7      | Found a staircase to the Ecumenical Temple.
  9286 | D:7      | You fall into a shaft and drop 2 floors!
  9574 | D:9      | Reached skill level 1 in Long Blades
 10524 | D:10     | Entered Level 10 of the Dungeon
 10569 | D:8      | Found a runed translucent door.
 10570 | D:8      | Noticed ddubois's ghost (novice SpDe)
 10712 | D:8      | Found a burning altar of Makhleb.
 10737 | D:8      | Identified a scroll of acquirement
 10737 | D:8      | Acquired Udimisu's Catalogue of Battle Magic
 10737 | D:8      | Slain by a wight

Illustrated notes

Levels and vault maps discovered:
D:1:      lightli_arrival_chessboard, layout_loops_corners,
          hellmonk_ecumenical_altar_heavens_door
D:2:      minmay_diamond_boxcup, layout_rooms
D:3:      cheibrodos_thug_alley, layout_basic
D:4:      minmay_inner_zag, layout_layer_cave, mainiacjoe_overflow_paths,
          mainiacjoe_overflow_concentric_impassable, uniq_duvessa
D:5:      layout_loops_ring, serial_aquarium, aquarium_bridge_straight
          [aquarium_subvault_bridge, aquarium_subvault_balcony,
          aquarium_subvault_bridge, aquarium_subvault_wall],
          aquarium_bridge_square [aquarium_subvault_bridge,
          aquarium_subvault_bridge, aquarium_subvault_bridge,
          aquarium_subvault_wall], aquarium_window_1, aquarium_window_fake,
          aquarium_view_2g, aquarium_balcony_5b, chequers_serial_rivers_room_a,
          st_stairs_13
D:6:      layout_cave_pools, nicolae_gozag_cash_rules_everything_around_me,
          lemuel_doored_altar, nicolae_dithmenos_shadow_blocks,
          mainiacjoe_overflow_24_doors, serial_gnoll_camp, gnoll_camp_mini_shop,
          gnoll_camp_huts_moat, gnoll_camp_mini_hut, gnoll_camp_mini_doghouse,
          gammafunk_ghost_abyssal_escape, uniq_pikel
D:7:      layout_cave_pods, kiku_gazebo_garden_becter,
          mainiacjoe_overflow_six_doors_small, minmay_temple_entry_arrows
D:8:      layout_basic, nicolae_overflow_crystal_walls,
          ebering_ghost_reflecting_pool
D:9:      layout_roguey
D:10:     layout_basic, dpeg_lair_monsters, orc_0_dummy

Skill      XL: |  1  2  3  4  5  6  7  8  9 10 |
---------------+-------------------------------+-----
Evocations     | 1 2 3 4 5 |  5.9
Translocations | 1 |  1.6
Fighting       | 2 3 4 6 7 8 |  8.2
Dodging        | 2 3 4 5 |  5.3
Spellcasting   | 3 4 5 6 |  6.0
Transmutations | 3 4 6 7 8 |  8.2
Unarmed Combat | 4 |  4.3
Long Blades    | 1 |  1.6
Shields        | |  0.6

Action                   |  1- 3 |  4- 6 |  7- 9 | 10-12 || total
-------------------------+-------+-------+-------+-------++-------
Melee: Unarmed           |   116 |    62 |    39 |     9 ||   226
       Headbutt          |     7 |     9 |    30 |    16 ||    62
       Kick              |    10 |    10 |    35 |    28 ||    83
       Tailslap          |    10 |    14 |    36 |    21 ||    81
       Dagger            |       |   101 |   185 |       ||   286
       Punch             |       |       |     5 |     3 ||     8
       Falchion          |       |       |    93 |   102 ||   195
 Cast: Beastly Appendage |    14 |     8 |    30 |    13 ||    65
       Wereblood         |     1 |     7 |    16 |     5 ||    29
       Spider Form       |       |     2 |     7 |     1 ||    10
       Ice Form          |       |       |     1 |       ||     1
 Abil: Breathe Acid      |       |       |    11 |     3 ||    14
Evoke: Wand              |       |       |     9 |     1 ||    10
  Use: Potion            |     1 |     4 |     8 |     2 ||    15
       Scroll            |       |     1 |     8 |     4 ||    13
 Stab: Sleeping          |       |       |     1 |       ||     1
       Distracted        |       |       |       |     1 ||     1
Armor: Skin              |    24 |    67 |    93 |    39 ||   223
Dodge: Dodged            |    67 |    93 |   205 |    77 ||   442
Block: Other             |       |       |    82 |    24 ||   106
       Reflection        |       |       |     4 |       ||     4
       Rpst.: Falchion   |       |       |    17 |    14 ||    31
